Map: Stranded Isles

Players

Bones

  • Race: Terran Terran
  • League: Diamond
  • Spawn Location: 3:00

shmagma

  • Race: Terran Terran
  • League: Gold
  • Spawn Location: 6:00

BillyCrystal

  • Race: Terran Terran
  • Spawn Location: 6:00

Cthulhu - Winner!

  • Race: Terran Terran
  • Spawn Location: 12:00

Faust - Winner!

  • Race: Zerg Zerg
  • League: Diamond
  • Spawn Location: 12:00

Throwfordays - Winner!

  • Race: Protoss Protoss
  • League: Silver
  • Spawn Location: 9:00

VOD

Have the link to the VOD?

Description

Time

  • Played on: April 4, 2019, 11:19 p.m.
  • Length: 23:48
Show
View Real Time Build Order
Export as new Build Order

Bones Terran 

Build Orders:  

Get SALT Encoding   

  12  0:01  SCV  
  13  0:13  SCV  
  14  0:26  Supply Depot  
  14  0:28  SCV  
  15  0:41  Refinery  
  15  0:48  SCV  
  16  0:51  Barracks  
  16  1:00  SCV  
  17  1:11  Barracks  
  17  1:14  SCV  
  18  1:26  SCV  
  19  1:38  SCV, Barracks  
  20  1:43  Reaper  
  20  1:47  Supply Depot  
  21  1:50  SCV  
  22  1:59  Reaper  
  23  2:05  Refinery  
  24  2:08  SCV  
  24  2:16  Reaper  
  24  2:20  SCV  
  26  2:34  Supply Depot  
  26  2:40  Reaper  
  27  2:49  SCV  
  27  2:50  Reaper  
  29  2:53  Reaper  
  30  3:00  Command Center  
  30  3:13  Reaper  
  31  3:29  Factory  
  31  3:30  Barracks Tech Lab  
  31  3:33  Reaper  
  32  3:45  Reaper  
  32  3:47  SCV  
  34  3:56  Supply Depot  
  34  3:57  Reaper  
  34  3:59  SCV  
  36  4:03  Refinery  
  36  4:07  Reaper  
  35  4:18  SCV x2  
  37  4:30  SCV x2  
  36  4:40  Reaper x2  
  36  4:41  Reaper  
  36  4:42  SCV x2  
  41  4:54  SCV x2  
  42  5:06  SCV  
  42  5:07  SCV  
  44  5:10  Factory Reactor  
  44  5:12  Marine x3  
  44  5:13  Starport  
  47  5:18  SCV  
  47  5:19  SCV  
  48  5:31  SCV  
  51  5:37  Barracks Reactor, Marine x2  
  51  5:40  SCV  
  52  5:43  SCV  
  52  5:45  Engineering Bay  
  52  5:52  SCV  
  52  5:55  SCV  
  53  6:21  SCV x2  
  53  6:25  Barracks Reactor  
  55  6:31  Terran Infantry Weapons Level 1  
  55  6:36  Missile Turret  
  55  6:37  Missile Turret  
  54  6:42  Supply Depot  
  54  6:45  Marine  
  55  6:47  Marine  
  55  6:49  Factory Tech Lab  
  55  6:51  Stimpack  
  53  7:06  SCV x2  
  54  7:11  Medivac x2  
  54  7:15  Marine x4  
  62  7:25  Barracks  
  62  7:29  Engineering Bay  
  62  7:30  Refinery  
  62  7:37  Marine  
  62  7:38  Marine x3  
  66  7:46  Liberator  
  66  7:51  Supply Depot  
  69  7:59  Orbital Command  
  69  8:04  Supply Depot  
  69  8:07  Marine  
  69  8:12  Marine x3  
  73  8:27  Command Center  
  73  8:30  Combat Shield  
  73  8:32  Barracks Reactor  
  73  8:34  Medivac x2  
  77  8:36  Siege Tank  
  77  8:37  Marine x4  
  77  8:40  Terran Infantry Armor Level 1  
  84  8:55  Marine  
  85  9:04  SCV  
  86  9:10  SCV  
  86  9:12  Supply Depot x2  
  86  9:16  SCV  
  88  9:22  SCV  
  89  9:41  Marine  
  89  9:42  Marine x3, Missile Turret  
  90  9:49  SCV x2  
  90  9:50  SCV  
  93  10:01  SCV  
  93  10:04  Refinery  
  93  10:06  Refinery  
  94  10:12  Armory  
  94  10:14  Supply Depot  
  94  10:16  Supply Depot  
  94  10:22  Medivac x2  
  94  10:24  Marine x2  
  94  10:25  Marine x4  
  104  10:34  Marine  
  105  10:37  Siege Tank  
  105  10:42  Marine x3  
  111  11:04  Missile Turret  
  111  11:09  Terran Infantry Armor Level 2, Terran Infantry Weapons Level 2  
  78  11:56  Marine  
  78  11:57  Marine x5  
  78  11:59  Medivac x2  
  85  12:13  Starport  
  85  12:14  SCV x3  
  88  12:26  SCV  
  88  12:29  Liberator x2  
  95  12:32  Terran Ship Weapons Level 1  
  95  12:35  Missile Turret  
  95  12:38  SCV x2, Missile Turret  
  95  12:39  SCV  
  95  12:41  Marine x2  
  95  12:42  Marine x2  
  95  12:43  Marine x2  
  104  12:54  Orbital Command  
  104  13:01  Starport Reactor  
  104  13:10  Fusion Core  
  104  13:18  Barracks  
  104  13:29  Marine  
  104  13:30  Marine x4  
  104  13:31  Marauder  
  111  13:37  Concussive Shells  
  111  13:49  Command Center  
  111  13:53  Marauder  
  113  14:06  Supply Depot  
  113  14:08  Supply Depot  
  113  14:10  Missile Turret  
  113  14:14  Marauder  
  113  14:15  Barracks Tech Lab  
  115  14:19  Terran Infantry Armor Level 3, Terran Infantry Weapons Level 3  
  115  14:35  Marauder  
  117  14:44  Marine x5  
  117  14:45  Marine  
  123  14:54  Marauder  
  123  14:57  Marauder  
  127  15:04  Missile Turret  
  127  15:15  Marauder  
  127  15:18  Marauder  
  128  15:37  Marauder  
  128  15:40  Marine  
  128  15:41  Marine x2  
  128  15:42  Marauder  
  132  15:43  Marine x3  
  135  15:52  SCV x3  
  135  15:53  SCV  
  139  15:58  Marine x2, Marauder  
  139  15:59  Marine  
  139  16:00  Marine x2  
  146  16:04  SCV x2  
  148  16:11  Barracks  
  148  16:12  Barracks  
  148  16:15  Marine, Barracks, Marauder  
  148  16:16  Marine x2  
  148  16:17  Marine  
  154  16:18  Marine x2, Medivac  
  154  16:19  Medivac, Marauder  
  162  16:33  Marine  
  162  16:34  Marine  
  162  16:36  Marauder  
  166  16:41  Marauder  
  168  16:53  Refinery  
  168  16:55  Refinery  
  114  17:21  Marine x7  
  114  17:22  Marine  
  101  17:38  Marine x2  
  103  17:45  Marine x4, Marauder x2  
  103  17:47  Medivac x2  
  103  17:48  Medivac x2  
  119  17:56  Marine x2, Missile Turret  
  121  17:59  Missile Turret  
  121  18:00  Barracks Tech Lab  
  121  18:02  Barracks Tech Lab  
  121  18:08  Barracks Reactor  
  121  18:10  Hi-Sec Auto Tracking, Missile Turret  
  121  18:16  Marine x6  
  116  18:52  Missile Turret  
  110  18:58  Missile Turret  
  107  19:03  Missile Turret  
  103  19:29  Marine x2  
  103  19:30  Marine x3  
  108  19:32  Marauder x4  
  80  19:43  Marine x2  
  68  19:46  Medivac x4  
  68  19:47  Marine x3  
  68  19:53  Marauder x2  
  70  20:19  Marine x4  
  70  20:20  Marine x2  
  69  20:35  Viking x2  
  69  20:36  Marine, Viking x2  
  69  20:37  Marine  
  2  21:39  Command Center  
  2  22:28  Barracks  
  2  22:58  Engineering Bay  
Show
View Real Time Build Order
Export as new Build Order

shmagma Terran 

Build Orders:  

Get SALT Encoding   

  12  0:02  SCV  
  13  0:14  SCV  
  14  0:23  Supply Depot  
  14  0:26  SCV  
  15  0:32  Refinery  
  15  0:48  Barracks  
  15  0:59  Barracks  
  15  1:11  Barracks  
  15  1:18  SCV  
  16  1:39  Reaper, Supply Depot  
  17  1:41  SCV  
  18  1:47  Reaper  
  19  1:58  SCV  
  20  2:03  Refinery  
  20  2:05  Reaper  
  21  2:21  Reaper  
  21  3:50  Reaper x3  
  22  4:22  Reaper  
  22  4:28  Reaper x2  
  24  4:54  Reaper  
  25  5:00  Reaper x2  
  27  5:26  Reaper  
  27  5:37  Reaper x2  
  28  5:58  Reaper  
  29  6:09  Reaper x2  
  24  7:17  Orbital Command  
  24  7:22  Command Center  
  24  7:24  Barracks  
  24  7:25  Barracks  
  24  7:26  Engineering Bay  
  24  7:29  Marine  
  27  7:30  Engineering Bay  
  27  7:32  Barracks Reactor  
  27  7:33  Barracks Tech Lab  
  25  8:00  Command Center  
  25  8:01  SCV  
  25  8:05  Terran Infantry Armor Level 1, Terran Infantry Weapons Level 1  
  26  8:13  SCV  
  26  8:15  Barracks Reactor  
  26  8:16  Factory  
  26  8:19  Barracks Tech Lab  
  27  8:21  Marine  
  27  8:23  Barracks Tech Lab  
  27  8:25  Marine, SCV  
  27  8:26  Marine  
  31  8:38  SCV  
  31  8:39  Marine, Stimpack  
  33  8:43  Marine  
  33  8:44  Marine, Orbital Command  
  35  8:50  SCV  
  36  8:56  Marine  
  36  8:58  Marine x4  
  36  9:00  Combat Shield  
  36  9:01  Marine, Factory Tech Lab  
  36  9:02  SCV  
  43  9:05  Starport  
  44  9:10  SCV  
  44  9:14  SCV  
  45  9:22  SCV  
  46  9:26  SCV  
  46  9:27  Missile Turret  
  47  9:37  Orbital Command  
  47  9:38  SCV  
  48  9:42  SCV  
  49  9:47  Starport Reactor  
  49  9:48  Armory, Missile Turret  
  49  9:50  SCV  
  50  9:54  SCV  
  50  9:56  Refinery  
  50  9:57  Refinery  
  51  10:00  Marine x5  
  51  10:01  Marine x2  
  58  10:09  Missile Turret  
  58  10:18  Marine x2  
  59  10:30  Missile Turret  
  59  10:36  Marine  
  59  10:37  Marine  
  59  10:42  Supply Depot  
  61  10:48  Terran Infantry Weapons Level 2  
  61  10:50  Terran Infantry Armor Level 2  
  61  10:52  Missile Turret  
  61  10:53  Supply Depot  
  61  11:03  Marine x6, Medivac  
  69  11:05  Supply Depot  
  69  11:08  Medivac  
  71  11:11  SCV x2  
  71  11:12  SCV  
  71  11:17  Supply Depot  
  74  11:19  Terran Vehicle And Ship Armor Level 1  
  74  11:23  SCV x2  
  74  11:24  SCV  
  77  11:26  Siege Tank, Starport  
  77  11:27  Supply Depot  
  80  11:35  SCV  
  81  11:48  Concussive Shells  
  81  11:49  Supply Depot  
  81  11:51  SCV x2  
  83  11:56  SCV  
  83  11:58  Siege Tank  
  87  12:02  Liberator x2  
  87  12:03  SCV x2, Starport Reactor  
  87  12:08  SCV  
  97  12:15  SCV x2  
  97  12:20  SCV  
  99  12:27  SCV  
  99  12:28  SCV  
  101  12:30  Siege Tank  
  101  12:31  Refinery  
  101  12:32  SCV  
  100  12:39  SCV  
  101  12:44  Supply Depot  
  101  12:45  Supply Depot  
  101  13:05  Siege Tank  
  101  13:08  Supply Depot, Medivac x2, Liberator x2  
  114  13:14  Terran Infantry Armor Level 3  
  114  13:15  Terran Infantry Weapons Level 3  
  114  13:20  Supply Depot  
  114  13:30  Supply Depot  
  114  13:32  SCV x2  
  114  13:33  Refinery  
  116  13:37  Ghost Academy  
  116  13:38  Siege Tank  
  119  14:10  Siege Tank  
  119  14:29  Liberator x2  
  119  14:30  Liberator x2  
  131  14:31  Marine x2  
  131  14:32  Marine x5  
  131  14:37  Supply Depot  
  138  14:40  Supply Depot  
  138  14:49  Marine x4  
  138  14:50  Marauder x3  
  148  14:54  Personal Cloaking  
  148  14:57  Ghost Academy  
  148  14:59  Supply Depot  
  148  15:07  Marine  
  148  15:12  Marauder x3, Liberator x2  
  161  15:14  Command Center  
  161  15:26  Command Center  
  161  15:31  Medivac x2  
  161  15:33  Marauder x3  
  171  15:41  Supply Depot  
  171  15:46  Terran Vehicle And Ship Armor Level 2  
  171  15:51  Nuke, Hi-Sec Auto Tracking  
  171  15:53  Ghost  
  171  15:54  Ghost x2  
  177  15:58  Ghost Academy  
  177  16:03  Supply Depot  
  177  16:16  Fusion Core  
  177  16:20  Nuke  
  177  16:22  Ghost x2  
  181  16:26  Supply Depot  
  92  17:41  Marauder  
  92  17:42  Marine x4, Marauder x2  
  92  17:59  Viking x3  
  92  18:00  Marine x4, Viking  
  92  18:03  Terran Ship Weapons Level 1, Marauder x3  
  92  18:05  Neosteel Armor  
  110  18:09  Orbital Command  
  110  18:10  Orbital Command  
  110  18:17  Marine  
  110  18:18  Marine x3  
  114  18:24  Marauder x2  
  114  18:25  Nuke x2, Marauder  
  120  18:29  Viking x2  
  124  18:34  Orbital Command  
  124  18:35  Marine  
  124  18:36  Marine x3  
  128  18:45  Marine x2, Ghost  
  132  19:01  Medivac  
  132  19:02  Armory  
  134  19:03  Viking x3, Ghost x2  
  144  19:31  Viking  
  144  19:32  Viking  
  148  19:45  Viking x2  
  150  19:50  Marine x3, Marauder x3  
  150  19:51  Marine  
  162  20:01  Viking  
  162  20:02  Viking  
  166  20:08  Marine  
  166  20:11  Marauder  
  169  20:15  Viking x2  
  147  20:31  Viking  
  145  20:56  Marine x4, Marauder x3  
  155  21:00  Viking x2  
  155  21:01  Viking x2  
  163  21:14  Marine x4  
  163  21:17  Marauder x2  
  163  21:18  Marauder  
  173  21:24  Nuke x2  
  173  21:30  Viking  
  173  21:31  Marine  
  174  21:38  Marine  
  174  21:39  Marine x2, Marauder x3  
  183  21:49  Marine  
  183  21:56  Marine x2  
  183  22:00  Marauder x3  
  189  22:04  Marine  
  189  22:07  Marine  
  189  22:14  Marine x2  
  185  22:21  Marauder  
  185  22:22  Marine, Marauder x2  
  168  22:25  Marine  
  133  22:43  Marauder  
Show
View Real Time Build Order
Export as new Build Order

BillyCrystal Terran 

Build Orders:  

Get SALT Encoding   

  12  0:01  SCV  
  13  0:19  SCV  
  13  0:21  Supply Depot  
  14  0:31  SCV  
  15  0:41  Refinery  
  15  0:46  SCV  
  16  0:51  Barracks  
  16  0:58  SCV  
  17  1:21  SCV, Barracks  
  18  1:31  Barracks  
  18  1:48  Supply Depot  
  18  1:49  SCV  
  19  1:59  Reaper  
  20  2:02  SCV  
  20  2:06  Refinery  
  21  2:14  SCV  
  21  2:15  Reaper  
  23  2:23  Supply Depot  
  23  2:26  SCV  
  24  2:40  SCV  
  25  2:46  Reaper  
  25  2:47  Reaper  
  27  3:02  Reaper  
  27  3:03  Command Center  
  28  3:06  SCV  
  29  3:18  SCV  
  30  3:20  Reaper x2  
  31  3:34  Reaper  
  31  3:39  SCV  
  33  3:51  SCV  
  33  3:52  Reaper  
  35  4:01  Reaper  
  36  4:06  Reaper  
  36  4:08  Refinery  
  36  4:10  SCV  
  37  4:22  SCV  
  38  4:24  Reaper  
  38  4:30  Barracks  
  38  4:31  SCV  
  39  4:33  Reaper  
  39  4:34  SCV  
  40  4:38  Reaper  
  40  4:43  SCV  
  42  4:50  Orbital Command  
  41  4:55  SCV  
  41  4:56  Reaper  
  43  5:05  Reaper  
  44  5:07  SCV  
  44  5:10  Reaper, Factory  
  44  5:28  Reaper  
  44  5:29  Barracks Reactor  
  45  5:36  Supply Depot, SCV  
  45  5:37  SCV  
  45  5:38  Reaper  
  48  5:43  Reaper  
  48  5:48  SCV  
  48  5:49  SCV  
  49  6:01  Reaper, SCV, Supply Depot  
  50  6:07  Factory Tech Lab  
  50  6:10  SCV  
  50  6:13  SCV  
  48  6:22  Reaper x2, SCV  
  48  6:24  Reaper  
  48  6:25  SCV  
  53  6:33  Reaper  
  53  6:34  SCV  
  53  6:37  SCV  
  53  6:39  Siege Tank  
  57  6:40  Command Center  
  57  6:46  SCV  
  56  6:53  SCV  
  57  6:54  Reaper x2  
  56  7:04  Refinery  
  56  7:05  SCV  
  57  7:17  Siege Tank  
  57  7:18  SCV  
  60  7:49  Siege Tank  
  63  8:04  Supply Depot  
  63  8:05  Supply Depot  
  61  8:15  Engineering Bay  
  61  8:19  SCV x2  
  63  8:22  Siege Tank  
  66  8:27  Supply Depot  
  66  8:29  Supply Depot  
  66  8:31  SCV x2  
  68  8:36  Starport  
  68  8:52  Supply Depot  
  68  9:01  SCV  
  69  9:07  Supply Depot  
  69  9:09  Siege Tank  
  72  9:13  SCV  
  72  9:14  Starport  
  72  9:15  Supply Depot  
  73  9:22  Neosteel Armor  
  73  9:25  SCV  
  73  9:29  Starport Tech Lab  
  74  9:31  Supply Depot  
  74  9:32  Fusion Core  
  74  9:37  SCV, Orbital Command  
  75  9:39  Supply Depot  
  75  9:41  Siege Tank  
  78  9:49  SCV  
  79  10:14  Supply Depot, Siege Tank  
  82  10:15  Supply Depot  
  82  10:23  SCV  
  82  10:27  Refinery  
  83  10:29  Refinery  
  83  10:35  SCV  
  83  10:37  Supply Depot, Starport Reactor  
  83  10:39  Supply Depot  
  84  10:43  Starport  
  84  10:46  Armory  
  84  10:47  SCV  
  84  10:49  Battlecruiser  
  86  11:33  SCV  
  86  11:34  Armory  
  87  11:44  Starport Tech Lab  
  87  11:45  SCV  
  88  11:49  Viking, Starport  
  88  11:50  Viking  
  88  11:53  Battlecruiser  
  98  11:57  SCV  
  99  12:07  Terran Ship Weapons Level 1  
  99  12:09  SCV  
  100  12:19  Viking  
  100  12:20  Viking  
  100  12:21  SCV  
  99  12:33  SCV  
  100  12:38  Starport Tech Lab  
  97  13:21  Supply Depot  
  97  13:35  Terran Vehicle And Ship Armor Level 1  
  97  13:37  Weapon Refit  
  97  13:42  Viking x2  
  97  13:44  Supply Depot  
  101  13:49  Starport  
  101  14:05  SCV, Battlecruiser  
  101  14:07  Supply Depot  
  101  14:08  Starport  
  108  14:28  Viking, Battlecruiser  
  108  14:29  Supply Depot  
  116  14:35  Orbital Command  
  116  14:51  Liberator x3  
  125  14:53  Supply Depot  
  125  14:58  Starport Tech Lab  
  125  15:03  Smart Servos  
  125  15:11  Terran Ship Weapons Level 2  
  125  15:15  Supply Depot, Battlecruiser  
  131  15:37  Battlecruiser  
  131  15:39  Supply Depot  
  137  15:59  Liberator  
  137  16:00  Liberator  
  137  16:01  Supply Depot, Battlecruiser  
  149  16:22  Battlecruiser  
  149  16:23  Battlecruiser  
  154  16:54  Battlecruiser  
  116  17:57  Starport Reactor  
  116  18:03  Terran Ship Weapons Level 3  
  116  18:05  Terran Vehicle And Ship Armor Level 2  
  80  19:17  Liberator x3  
  80  19:18  Liberator x5  
  104  19:54  Command Center  
  43  22:41  Command Center  
  43  22:42  Command Center  
  43  23:08  Command Center x2  
  43  23:10  Command Center x2  
  43  23:11  Engineering Bay  
  43  23:13  Barracks  
Show
View Real Time Build Order
Export as new Build Order

Cthulhu Terran - Winner!

Build Orders: 2 Factory 

Get SALT Encoding   

  12  0:01  SCV  
  13  0:13  SCV  
  14  0:21  Supply Depot  
  14  0:25  SCV  
  15  0:32  Refinery  
  15  0:42  SCV  
  16  0:47  Barracks  
  16  0:58  SCV  
  17  1:13  SCV  
  18  1:28  Refinery  
  19  1:35  Orbital Command  
  18  1:50  Factory  
  18  1:52  Supply Depot  
  19  2:08  SCV  
  19  2:09  Factory  
  19  2:10  Marine  
  20  2:25  SCV  
  21  2:37  Factory Tech Lab  
  21  2:46  Command Center  
  21  2:50  SCV  
  22  2:55  Marine  
  23  3:04  Cyclone  
  26  3:10  SCV  
  27  3:33  Factory Tech Lab  
  27  3:39  Armory, Cyclone  
  30  3:44  Mag-Field Accelerator  
  30  3:45  SCV  
  31  3:57  Marine  
  28  4:13  SCV, Orbital Command  
  28  4:16  Siege Tank  
  28  4:43  Refinery x2  
  28  4:46  Hellion  
  23  5:15  Siege Tank x2  
  23  5:29  SCV  
  23  5:30  Marine, SCV  
  25  5:41  Barracks  
  25  5:47  SCV x2  
  27  6:03  SCV x2, Siege Tank x2  
  30  6:48  Siege Tank x2  
  35  7:04  Marine, SCV x2  
  38  7:28  SCV x2  
  40  7:30  Siege Tank x2  
  46  7:40  Terran Vehicle Weapons Level 1  
  46  7:52  Engineering Bay  
  46  7:58  Supply Depot  
  46  8:19  Marine, SCV x2  
  53  8:20  Widow Mine x2, Missile Turret  
  53  8:21  Missile Turret  
  53  8:22  Missile Turret  
  53  8:26  Missile Turret  
  53  8:51  SCV  
  53  8:54  Supply Depot  
  54  8:56  Marine, SCV  
  56  9:08  Missile Turret x2  
  56  9:10  SCV  
  56  9:11  Missile Turret  
  56  9:12  SCV  
  56  9:13  Marine  
  59  9:23  SCV  
  60  9:24  SCV  
  61  9:33  Marine  
  62  9:49  Barracks Tech Lab  
  62  9:50  Siege Tank  
  65  9:54  Terran Vehicle And Ship Armor Level 1  
  65  9:57  Supply Depot  
  65  9:58  Thor  
  72  10:00  SCV  
  72  10:01  SCV  
  73  10:07  Combat Shield  
  73  10:12  SCV  
  74  10:59  Marine  
  74  11:00  Marine  
  74  11:01  Thor, Siege Tank  
  76  12:53  Thor, Siege Tank  
  76  12:57  Marine  
  86  13:04  Starport  
  86  13:10  Supply Depot  
  86  13:28  Sensor Tower, Factory  
  86  13:41  Command Center  
  86  13:45  Medivac  
  88  13:58  Marine, SCV x2  
  91  14:19  Terran Vehicle Weapons Level 2  
  91  14:38  Sensor Tower  
  91  14:52  Thor x2  
  95  15:17  SCV x2, Orbital Command  
  95  15:18  Marine x2  
  99  15:26  Refinery  
  99  15:28  Refinery  
  99  15:43  Thor  
  99  15:47  Starport Tech Lab  
  99  15:48  Starport Reactor  
  105  15:50  Thor x2, Factory Tech Lab  
  105  16:14  Thor  
  104  16:23  Stimpack  
  98  16:34  Terran Vehicle And Ship Armor Level 2  
  98  16:50  Viking, Medivac  
  98  16:51  Siege Tank  
  105  16:57  Supply Depot x2  
  105  17:18  Thor x2  
  79  17:55  Marine x2  
  79  17:57  Siege Tank  
  84  18:01  Thor  
  84  18:46  SCV  
  84  18:47  SCV  
  84  18:48  Thor, Siege Tank  
  95  18:50  Terran Vehicle Weapons Level 3  
  93  19:14  Siege Tank  
  72  20:44  Thor, Siege Tank  
  72  20:45  Siege Tank  
  72  20:46  Viking x2  
  88  22:06  Viking  
  88  22:07  Medivac  
Show
View Real Time Build Order
Export as new Build Order

Faust Zerg - Winner!

Build Orders: Pool First 

Get SALT Encoding   

  12  0:01  Drone  
  13  0:15  Drone  
  13  0:18  Extractor  
  13  0:19  Drone  
  15  0:23  Overlord  
  15  0:43  Spawning Pool  
  15  0:44  Drone  
  15  0:46  Drone  
  15  0:49  Extractor  
  15  1:14  Hatchery  
  15  1:17  Drone  
  15  1:36  Zergling x6  
  18  1:51  Queen  
  20  2:05  Metabolic Boost  
  20  2:22  Drone x2  
  22  2:24  Overlord  
  22  2:31  Queen  
  22  2:33  Drone  
  22  2:34  Drone  
  26  2:37  Drone  
  27  2:54  Zergling x4  
  29  2:59  Lair  
  29  3:00  Drone  
  23  3:28  Drone  
  23  3:29  Drone x5  
  26  3:42  Zergling x4  
  26  3:48  Zergling x2  
  18  4:08  Zergling x2  
  18  4:09  Zergling x6  
  21  4:15  Drone x2  
  21  4:16  Drone x2  
  23  4:26  Zergling x2  
  24  4:34  Drone  
  24  4:35  Drone x3  
  26  4:45  Zergling x2  
  26  4:47  Zergling x2  
  26  4:48  Zergling x2  
  28  5:08  Zergling x6  
  28  5:13  Queen  
  31  5:14  Queen  
  33  5:25  Zergling x6  
  30  5:32  Zergling x4  
  24  5:36  Spine Crawler  
  21  5:47  Zergling x4  
  9  6:04  Drone x2  
  9  6:05  Drone  
  11  6:38  Drone  
  11  6:39  Drone x2  
  14  7:02  Drone x2  
  14  7:04  Drone  
  17  7:12  Drone  
  18  7:22  Drone  
  19  7:24  Drone  
  19  7:29  Overseer  
  20  7:36  Overseer  
  20  7:43  Pneumatized Carapace  
  20  7:56  Drone x3  
  23  8:09  Drone x4  
  27  8:19  Drone x2  
  29  8:54  Drone x4  
  29  8:55  Drone x3  
  36  8:59  Overlord  
  36  9:03  Extractor  
  36  9:07  Queen, Hatchery  
  36  9:09  Spore Crawler  
  35  9:14  Drone  
  35  9:16  Overlord  
  36  9:18  Drone  
  37  9:30  Drone  
  39  9:31  Drone x3  
  39  9:32  Drone x3  
  44  9:42  Drone x3  
  44  9:44  Extractor  
  44  9:45  Extractor  
  45  9:53  Drone  
  45  9:54  Drone x4  
  45  9:56  Overlord  
  45  9:58  Drone x2  
  51  10:39  Drone x5  
  51  10:40  Drone  
  57  10:44  Drone  
  57  10:45  Drone x7  
  65  10:50  Overlord  
  65  10:51  Overlord  
  65  10:54  Hatchery  
  64  10:57  Spire  
  64  11:00  Infestation Pit  
  62  11:11  Drone x3  
  62  11:12  Queen, Drone  
  62  11:14  Overlord x2  
  60  12:04  Hatchery  
  60  12:05  Drone x4  
  60  12:08  Drone x6  
  64  12:09  Drone x3  
  72  12:17  Extractor, Drone x3  
  72  12:18  Extractor  
  72  12:21  Zerg Flyer Weapons Level 1  
  73  12:25  Spawning Pool  
  72  12:35  Drone x3  
  75  12:39  Drone  
  75  12:40  Drone x5  
  75  12:43  Drone  
  75  12:44  Drone  
  83  12:52  Corruptor x3  
  83  12:58  Overlord x4  
  89  13:04  Drone  
  90  13:08  Extractor x2  
  90  13:09  Drone x2  
  90  13:18  Drone  
  90  13:19  Drone x3, Corruptor  
  94  13:20  Corruptor x4  
  94  13:21  Corruptor x2  
  108  13:29  Corruptor x4  
  108  13:30  Corruptor  
  108  13:33  Corruptor  
  120  13:46  Overlord x4  
  120  13:47  Corruptor x3, Overlord  
  122  14:41  Corruptor x4  
  124  14:48  Zergling x8  
  124  14:49  Zergling x44  
  150  14:56  Lair  
  150  15:19  Spore Crawler  
  149  15:22  Spore Crawler x2  
  149  15:24  Spore Crawler  
  149  15:25  Spore Crawler x2  
  149  15:27  Spore Crawler  
  149  15:28  Spore Crawler  
  142  15:39  Drone x4  
  142  15:40  Drone x5  
  146  15:47  Overlord x3  
  146  15:48  Overlord  
  146  15:52  Evolution Chamber  
  146  15:53  Drone x3  
  146  15:54  Drone x2  
  146  15:55  Evolution Chamber  
  149  16:02  Zergling x8  
  149  16:03  Zergling x18  
  162  16:16  Zerg Flyer Weapons Level 2  
  162  16:48  Zergling x8  
  162  16:49  Zergling x46  
  189  16:57  Zergling x4  
  189  16:58  Zergling x2  
  192  17:01  Zerg Melee Weapons Level 1  
  192  17:02  Zerg Ground Armor Level 1  
  192  17:03  Hive  
  147  17:35  Zergling x10  
  147  17:36  Zergling x20  
  137  17:57  Zergling x6  
  137  17:58  Zergling x16  
  148  18:11  Zergling x2  
  148  18:12  Zergling x8  
  153  18:32  Spire  
  152  18:37  Adrenal Glands  
  138  19:27  Zerg Melee Weapons Level 2  
  138  19:28  Zerg Ground Armor Level 2  
  138  19:36  Zerg Flyer Weapons Level 3  
  138  19:42  Evolution Chamber  
  138  19:43  Roach Warren  
  136  19:48  Hydralisk Den  
  136  19:52  Spore Crawler  
  134  19:53  Spore Crawler  
  134  19:54  Spore Crawler  
  119  20:27  Zerg Flyer Armor Level 1  
  102  20:50  Zerg Missile Weapons Level 1  
  102  21:00  Viper x4  
  102  21:01  Viper x5  
  129  21:10  Burrow  
  129  21:14  Corruptor x8  
  129  21:15  Corruptor x9  
  129  21:17  Zergling x2  
  129  21:18  Zergling x40  
  184  21:20  Overlord x5  
  184  21:21  Overlord x3  
  184  21:38  Extractor  
  160  22:37  Greater Spire  
  158  23:00  Zergling x2  
  158  23:01  Zergling x34  
  158  23:02  Zergling x28  
Show
View Real Time Build Order
Export as new Build Order

Throwfordays Protoss - Winner!

Build Orders: 1 Gate Expand, Carriers 

Get SALT Encoding   

  12  0:02  Probe  
  13  0:14  Probe  
  14  0:18  Pylon  
  14  0:26  Probe  
  15  0:37  Gateway  
  15  0:56  Probe  
  16  1:08  Probe  
  17  1:20  Probe  
  17  1:22  Nexus  
  18  1:28  Assimilator  
  18  1:43  Assimilator  
  18  1:53  Cybernetics Core  
  18  1:54  Probe  
  19  2:02  Probe  
  19  2:04  Pylon  
  20  2:11  Probe  
  20  2:12  Pylon  
  21  2:20  Warp Gate  
  21  2:23  Probe  
  22  2:31  Probe  
  23  2:40  Probe  
  24  2:48  Pylon, Adept, Probe  
  27  3:00  Probe  
  28  3:08  Forge  
  28  3:11  Probe  
  29  3:13  Probe  
  30  3:23  Probe  
  30  3:25  Adept, Probe  
  34  3:30  Protoss Ground Weapons Level 1  
  34  3:33  Robotics Facility  
  34  3:48  Pylon  
  34  3:52  Robotics Facility  
  34  3:57  Adept  
  34  3:59  Probe  
  34  4:01  Gateway  
  36  4:08  Probe  
  37  4:11  Assimilator  
  37  4:15  Assimilator  
  38  4:17  Probe  
  39  4:29  Probe  
  37  4:33  Photon Cannon  
  37  4:36  Photon Cannon  
  35  4:38  Photon Cannon  
  35  4:41  Adept  
  35  4:42  Probe  
  30  5:07  Adept x2  
  34  5:18  Probe  
  34  5:26  Probe  
  35  5:30  Photon Cannon, Probe  
  37  5:36  Probe  
  37  5:38  Nexus  
  37  5:39  Adept x2  
  37  5:41  Assimilator  
  37  5:42  Protoss Ground Armor Level 1  
  42  5:45  Assimilator  
  42  5:57  Photon Cannon  
  42  6:00  Photon Cannon, Probe  
  42  6:02  Adept x2  
  36  7:10  Probe  
  36  7:15  Photon Cannon  
  37  7:18  Photon Cannon, Probe  
  37  7:22  Photon Cannon, Probe  
  39  7:26  Photon Cannon, Probe  
  39  7:34  Probe  
  41  7:37  Probe  
  41  7:41  Probe  
  43  7:46  Probe x2  
  43  7:48  Pylon  
  45  7:53  Probe  
  45  7:54  Probe  
  47  7:58  Probe  
  47  8:00  Adept x2  
  47  8:01  Probe  
  47  8:03  Probe  
  53  8:05  Pylon  
  53  8:09  Pylon, Probe  
  53  8:11  Probe  
  55  8:14  Pylon  
  55  8:15  Probe  
  55  8:16  Protoss Shields Level 1  
  55  8:19  Probe  
  57  8:24  Photon Cannon  
  58  8:28  Photon Cannon, Probe  
  58  8:31  Photon Cannon, Probe  
  60  8:35  Photon Cannon  
  60  8:41  Twilight Council  
  60  8:43  Robotics Bay  
  60  8:47  Probe  
  60  8:48  Photon Cannon, Probe  
  60  8:54  Probe  
  62  8:55  Probe  
  62  8:56  Probe  
  62  9:02  Probe  
  65  9:04  Probe  
  65  9:06  Probe  
  65  9:09  Photon Cannon  
  68  9:12  Probe  
  68  9:13  Photon Cannon  
  69  9:23  Probe  
  70  9:24  Probe  
  70  9:27  Resonating Glaives  
  70  9:30  Extended Thermal Lance  
  71  9:31  Colossus  
  71  9:34  Colossus  
  71  9:35  Probe  
  71  9:36  Probe  
  85  9:47  Probe  
  85  9:48  Probe  
  87  10:18  Protoss Ground Weapons Level 2  
  87  10:25  Colossus  
  87  10:28  Colossus  
  93  10:34  Forge  
  99  10:36  Cybernetics Core  
  99  10:47  Nexus  
  99  11:07  Stargate  
  99  11:08  Protoss Air Weapons Level 1, Stargate  
  99  11:12  Stargate  
  99  11:18  Pylon  
  99  11:21  Charge, Pylon  
  99  11:23  Pylon  
  99  11:29  Pylon  
  99  11:32  Pylon  
  99  11:57  Probe  
  100  12:03  Assimilator  
  100  12:04  Protoss Shields Level 2  
  100  12:05  Probe  
  100  12:07  Assimilator  
  100  12:11  Pylon  
  100  12:13  Fleet Beacon  
  100  12:14  Pylon  
  100  12:15  Probe  
  102  12:24  Protoss Air Armor Level 1  
  102  12:27  Probe  
  103  12:39  Probe  
  104  12:51  Probe  
  105  12:53  Stargate  
  105  12:54  Stargate  
  105  12:59  Probe  
  105  13:01  Blink  
  105  13:03  Probe  
  107  13:11  Probe  
  108  13:15  Probe  
  108  13:18  Protoss Air Weapons Level 2  
  109  13:22  Protoss Ground Weapons Level 3, Immortal x2  
  109  13:23  Probe  
  118  13:27  Tempest x3  
  133  13:37  Anion Pulse-Crystals  
  133  13:40  Carrier  
  133  13:41  Carrier  
  145  13:57  Probe  
  146  14:05  Immortal  
  146  14:07  Immortal  
  154  14:10  Tempest  
  154  14:11  Carrier x2  
  171  14:41  Protoss Shields Level 3  
  171  14:44  Nexus, Observer  
  172  14:46  Assimilator  
  172  14:47  Observer  
  172  14:50  Carrier  
  172  14:51  Assimilator, Carrier  
  185  15:01  Pylon  
  185  15:05  Pylon, Warp Prism  
  187  15:07  Pylon  
  187  15:09  Protoss Air Armor Level 2  
  187  15:18  Warp Prism  
  188  15:25  Stalker x2  
  191  15:58  Gateway  
  191  16:04  Gateway  
  191  16:10  Protoss Ground Armor Level 2  
  191  16:14  Gateway  
  191  16:16  Gateway  
  191  16:19  Gateway  
  191  16:42  Protoss Air Weapons Level 3  
  157  17:56  Carrier x5  
  187  19:08  Carrier x2  
  199  19:29  Protoss Ground Armor Level 3  
  198  19:50  Protoss Air Armor Level 3  
  194  21:13  Carrier  
Tags
 
Add a new tag
Caveats
  • Supply blocks, unpowered buildings, or Contaminate may cause inaccurate times.
  • Supply counts are checked every 10 seconds.